 Dungeon Crawl Stone Soup version 0.29-a0-371-g91724d5b39 (webtiles) character file.

Game seed: 17409864009836271838

219 happo123 the Chiller (level 5, -2/24 HPs)
             Began as a Vine Stalker Ice Elementalist on May 2, 2022.
             Slain by a wyvern (5 damage)
             ... on level 4 of the Dungeon.
             The game lasted 00:34:28 (4077 turns).

happo123 the Chiller (VSIE)                         Turns: 4077, Time: 00:34:28

Health: -2/24      AC: 12    Str: 11    XL:     5   Next: 96%
Magic:  0/11       EV: 12    Int: 17    God:
Gold:   139        SH:  0    Dex: 14    Spells: 3/10 levels left

rFire   . . .      SeeInvis .   l - +0 short sword (vamp)
rCold   . . .      Faith    +   (no shield)
rNeg    . . .      Spirit   +   y - +0 leather armour
rPois   .          Reflect  .   k - +0 helmet
rElec   .          Harm     .   (no cloak)
rCorr   .          Rampage  .   (no gloves)
Will    .....                   (no boots)
Stlth   ++........              o - amulet of faith
HPRegen 0.88/turn               q - +4 ring of protection
MPRegen 0.12/turn               (no ring)

@: ice-armoured, freezing walls
A: fangs 2, regeneration 1, magic shield, antimagic bite, no potion heal 2
a: no special abilities


You were on level 4 of the Dungeon.
You visited 1 branch of the dungeon, and saw 4 of its levels.

You collected 167 gold pieces.
You spent 28 gold pieces at shops.

Inventory:

Hand Weapons
 g - a +2 short sword of electrocution
 l - a +0 vampiric short sword (weapon)
Armour
 a - a +0 robe
 k - a +0 helmet (worn)
 n - a +0 ring mail
 y - a +0 leather armour (worn)
Magical Staves
 e - a staff of fire
 m - a staff of air
 w - a staff of conjuration
 x - a staff of earth
Jewellery
 o - an amulet of faith (around neck)
 q - a +4 ring of protection (left hand)
Wands
 u - a wand of iceblast (2)
 B - a wand of flame (30)
Scrolls
 d - 2 scrolls of vulnerability
 f - 2 scrolls of brand weapon
 i - 2 scrolls of identify
 p - a scroll of fog {unknown}
 v - a scroll of magic mapping {unknown}
 z - a scroll of teleportation {unknown}
 A - a scroll of amnesia {unknown}
Potions
 b - a potion of magic
 c - a potion of curing {unknown}
 h - 2 potions of haste
 j - a potion of degeneration {unknown}
 r - 2 potions of brilliance
 s - a potion of lignification {unknown}
 t - a potion of heal wounds {unknown}


   Skills:
 + Level 2.8 Dodging
 + Level 4.4 Stealth
 + Level 3.4 Spellcasting
 + Level 4.9 Ice Magic


You had 3 spell levels left.
You knew the following spells:

 Your Spells              Type           Power      Damage    Failure   Level
a - Freeze                Ice            76%        1d9       3%          1
b - Frozen Ramparts       Ice            38%        1d5       9%          3
c - Ozocubu's Armour      Ice            19%        N/A       9%          3

Your spell library contained the following spells:

 Spells                   Type           Power      Damage    Failure   Level
 Pain                     Necr           8%         1d4       22%         1
 Shock                    Conj/Air       8%         1d3       22%         1
 Swiftness                Air            2%         N/A       54%         3
 Hailstorm                Conj/Ice       11%        3d5       63%         4
 Airstrike                Air            1%         N/A       91%         4
 Agony                    Necr           2%         N/A       99%         5
 Excruciating Wounds      Necr           1%         N/A       99%         5


Dungeon Overview and Level Annotations

Branches:
Dungeon (4/15)
 Temple: D:4-7

Altars:
Nemelex Xobeh
Wu Jian

Shops:
D:1 *   D:4 [


Innate Abilities, Weirdness & Mutations

You have extremely sharp teeth.
Your natural rate of healing is unusually fast.
When hurt, damage is shared between your health and your magic reserves.
Your bite disrupts and absorbs the magic of your enemies.
Potions cannot restore your health.


Message History

Press: ? - help, Shift-Dir - straight line, f - wyvern
Aim: a wyvern (asleep)
The mass of ice explodes!
The iceblast engulfs the wyvern.
The wyvern is lightly wounded.
The wyvern hisses angrily.
Casting: Freeze (safe; 3% risk of failure)
Confirm with . or Enter, or press ? or * to list all spells.
The spell is quite dangerous to miscast (9% risk of failure)!
Continue anyway?
Casting: Frozen Ramparts (quite dangerous; 9% risk of failure)
Press: ? - help, Dir - look around, f - activate The walls around you are covered in ice.
The wall freezes the wyvern.
Casting: Frozen Ramparts (quite dangerous; 9% risk of failure)
Confirm with . or Enter, or press ? or * to list all spells.
Okay, then.
Casting: Frozen Ramparts (quite dangerous; 9% risk of failure)
Confirm with . or Enter, or press ? or * to list all spells.
The spell is quite dangerous to miscast (9% risk of failure)!
Continue anyway?
Okay, then.
Casting: Ozocubu's Armour (quite dangerous; 9% risk of failure)
Confirm with . or Enter, or press ? or * to list all spells.
The spell is quite dangerous to miscast (9% risk of failure)!
Continue anyway?
A film of ice covers your body!
The wall freezes the wyvern but does no damage.
The wyvern bites you!
The wall freezes the wyvern.
The wyvern bites you.
You hit the wyvern but do no damage.
The wyvern is moderately wounded.
The wall freezes the wyvern.
The wyvern bites you.
Aiming: Freeze (safe; 3% risk of failure)
Press: ? - help, Q - select action, (/) - cycle Shift-Dir - straight line, f - wyvern
Aim: a wyvern (heavily wounded)
You freeze the wyvern.
The wyvern is heavily wounded.
The wall freezes the wyvern.
The wyvern misses you.
The wall freezes the wyvern.
The wyvern bites you!
* * * LOW HITPOINT WARNING * * *
You completely miss the wyvern. You bite the wyvern, but do no damage.
The wyvern is severely wounded.
The wall freezes the wyvern.
The wyvern bites you.
You die...

####...# #.### ###.### ##
#...#..## #...###.....###
##......# #.......##†...##
####...###......#####...##
###..##.......## ###...
###..........# ###.
##.........## ##
#.#........## #
#@#.........# #
##l##........# #
##.####......## # ##..#
####..## ###...# #### ####
###...).## ###...
#........# ###...8.
....###..# ##....... ..##
##.# ##........


You could see a wyvern.

Vanquished Creatures
  A hound (D:4)
  An iguana (D:3)
  6 adders
  4 gnolls (D:3)
  4 dart slugs
  2 worms
  An orc (D:3)
  5 endoplasms
  5 hobgoblins
  7 kobolds
  4 quokkas
  3 ball pythons
  6 bats
  2 frilled lizards (D:1)
  8 goblins
  7 rats
66 creatures vanquished.

Vanquished Creatures (others)
  A plant (D:2)
1 creature vanquished.

Grand Total: 67 creatures vanquished

Notes
Turn   | Place    | Note
-------+----------+-------------------------------------------
     0 | D:1      | happo123 the Vine Stalker Ice Elementalist began the quest
                  | for the Orb.
     0 | D:1      | Reached XP level 1. HP: 9/9 MP: 4/4
   345 | D:1      | Found Foanu's General Store.
   363 | D:1      | Reached XP level 2. HP: 5/13 MP: 1/6
  1017 | D:1      | Found a faded altar of an unknown god.
  1684 | D:1      | Bought a scroll of identify for 28 gold pieces
  1694 | D:2      | Reached XP level 3. HP: 14/16 MP: 5/7
  2234 | D:2      | Gained mutation: Your natural rate of healing is unusually
                  | fast. [Vine Stalker growth]
  2234 | D:2      | Reached XP level 4. HP: 21/21 MP: 7/9
  2663 | D:2      | Learned a level 3 spell: Frozen Ramparts
  2766 | D:3      | Reached XP level 5. HP: 18/24 MP: 3/10
  3503 | D:4      | Found Jucos's Armour Shoppe.
  3567 | D:4      | Noticed a wyvern
  3878 | D:4      | Found an ornate altar of the Wu Jian Council.
  3882 | D:4      | Found a sparkling altar of Nemelex Xobeh.
  4069 | D:4      | Learned a level 3 spell: Ozocubu's Armour
  4077 | D:4      | Slain by a wyvern

Illustrated notes

Levels and vault maps discovered:
D:1:      minmay_arrival_shoal_huts, layout_basic, serial_shops,
          nicolae_shop_statue_plus, shapermc_ecumenical_altar_gd
D:2:      cheibrodos_old_hovel, layout_loops_ring,
          nicolae_concentric_dashed_squares_mild, guppyfry_early_lair_pool
D:3:      minmay_spotlight, layout_loops_cross
D:4:      layout_cave_pods, mainiacjoe_overflow_catch_the_wave, serial_shops,
          nicolae_stop_n_shop_1

Skill      XL: |  1  2  3  4  5 |
---------------+----------------+-----
Stealth        | 3 4 |  4.4
Dodging        | 2 |  2.8
Spellcasting   | 3 |  3.4
Ice Magic      | |  4.9

Action                   |  1- 3 |  4- 6 || total
-------------------------+-------+-------++-------
Melee: Unarmed           |    13 |       ||    13
       Bite              |    13 |    19 ||    32
       Short sword       |    36 |    78 ||   114
       Staff             |     4 |       ||     4
 Cast: Freeze            |    30 |    23 ||    53
       Frozen Ramparts   |       |     2 ||     2
       Ozocubu's Armour  |       |     1 ||     1
Evoke: Wand              |       |     1 ||     1
  Use: Scroll            |     1 |     3 ||     4
 Stab: Sleeping          |     2 |     3 ||     5
Armor: Robe              |    11 |    22 ||    33
       Leather armour    |       |    12 ||    12
Dodge: Dodged            |    40 |    65 ||   105

Table legend: (Time is in decaauts)
 A = Elapsed time spent in this place.
 B = Non-inter-level travel time spent in this place.
 C = Inter-level travel time spent in this place.
 D = Time resting spent in this place.
 E = Time spent auto-exploring this place.
 F = Levels seen in this place.
 G = Mean time per level.
                   A        B        C        D        E       F      G
               +--------+--------+--------+--------+--------+-----+--------+
         Total |   4089 |   3496 |    593 |    981 |   1905 |   4 | 1022.2 |
       Dungeon |   4089 |   3496 |    593 |    981 |   1905 |   4 | 1022.2 |
               +--------+--------+--------+--------+--------+-----+--------+

Top non-repeatable levels by time:
     D:1: 1689 daAuts
     D:2: 980 daAuts
     D:3: 842 daAuts
     D:4: 576 daAuts
